 Dungeon Crawl Stone Soup version 0.24-a0-361-g57161393b2 (webtiles) character file.

Game seed: 7241437396227709256

49 Azzok the Chopper (level 3, -5/31 HPs)
             Began as a Ghoul Fighter on May 26, 2019.
             Slain by a gnoll (6 damage)
             ... on level 1 of the Dungeon.
             The game lasted 00:01:14 (812 turns).

Azzok the Chopper (Ghoul Fighter)                    Turns: 812, Time: 00:01:15

Health: -5/31      AC:  6    Str: 20    XL:     3   Next: 75%
Magic:  2/2        EV:  7    Int:  3    God:
Gold:   77         SH:  8    Dex:  8    Spells: 2/2 levels left

rFire    . . .     SeeInvis .   a - +0 war axe
rCold    + . .     Gourm    .   c - +0 shield
rNeg     + + +     Faith    .   b - +0 scale mail
rPois    ∞         Spirit   .   (no helmet)
rElec    .         Reflect  .   (no cloak)
rCorr    .         Harm     .   (no gloves)
MR       .....                  (no boots)
Stlth    ..........             (no amulet)
HPRegen  0.00/turn              h - ring of flight
MPRegen  0.08/turn              (no ring)

@: rotting
A: rotting body, claws 1, carnivore, cold resistance 1, negative energy
resistance 3, inhibited regeneration, torment resistance, unbreathing
a: Evoke Flight


You were on level 1 of the Dungeon.
You were not hungry.

You visited 1 branch of the dungeon, and saw 2 of its levels.

You collected 77 gold pieces.

Inventory:

Hand Weapons
 a - a +0 war axe (weapon)
Armour
 b - a +0 scale mail (worn)
 c - a +0 shield (worn)
Jewellery
 h - a ring of flight (left claw)
Scrolls
 g - 2 scrolls of remove curse {unknown}
Potions
 d - a potion of might
 e - 2 potions of mutation {unknown}
 j - a potion of lignification {unknown}
Comestibles
 f - 3 rations
 i - 4 chunks of flesh


   Skills:
 - Level 3.2 Fighting
 + Level 3.6 Axes
 - Level 2.6 Armour
 - Level 2.6 Shields


You had 2 spell levels left.
You didn't know any spells.
Your spell library was empty.

Dungeon Overview and Level Annotations

Branches:
Dungeon (2/15)

Altars:


Innate Abilities, Weirdness & Mutations

Your body is rotting away.
You thrive on raw meat.
You are immune to poison.
You have sharp fingernails.
You are carnivorous and can eat meat at any time.
Your flesh is cold resistant. (rC+)
You are immune to negative energy. (rN+++)
You do not regenerate when monsters are visible.
You are immune to unholy pain and torment.
You can survive without breathing.


Message History

You hit the gnoll but do no damage.
The gnoll is severely wounded.
You hit the gnoll.
Your shield prevents you from hitting the gnoll.
You block the gnoll's attack. The gnoll hits you.
* * * LOW HITPOINT WARNING * * *
You block the gnoll's attack.
Eat one of 5 chunks of flesh? (ye/n/q)
You eat one of the 5 chunks of flesh.
This raw flesh tastes great!
The gnoll hits you but does no damage. The gnoll barely misses you.
You block the gnoll's attack.
You barely miss the gnoll.
The gnoll is severely wounded.
You hit the gnoll.
You kill the gnoll!
You hit the gnoll. The gnoll hits you but does no damage.
The gnoll hits you with a +0 flail.
* * * LOW HITPOINT WARNING * * *
The gnoll hits you.
You die...

▒········▒ ▒▒▒≈≈≈·▒▒▒
▒········▒ ▒≈≈≈≈≈···P
▒▒·······▒▒▒▒≈≈▒▒≈▒▒▒▒▒·
▒▒·····>··▒▒▒▒ ▒▒ ▒▒
▒▒··········▒▒▒ ▒▒
▒▒·············▒▒ ▒▒·
▒···············▒▒ ▒··
▒·····g)·········▒ ▒▒·▒
▒···÷·@··········▒▒▒'▒▒
▒▒···g)▒····[·····▒····
▒···················▒▒·
▒····()···········▒▒▒▒▒
▒····)·(·········▒▒ ▒·▒
▒▒···············▒▒▒▒·▒
▒▒···▒·········▒'·▒)▒▒
▒▒▒▒▒▒·······▒▒▒▒·▒▒▒
▒·····▒▒▒ ▒▒··▒


You could see 2 gnolls.

Vanquished Creatures
  2 gnolls (D:1)
  A dart slug (D:1)
  2 leopard geckos (D:1)
  3 bats (D:1)
  5 goblins (D:1)
  2 hobgoblins (D:1)
  2 frilled lizards (D:1)
  A kobold (D:1)
  10 rats (D:1)
28 creatures vanquished.

Notes
Turn   | Place    | Note
-------+----------+-------------------------------------------
     0 | D:1      | Azzok the Ghoul Fighter began the quest for the Orb.
     0 | D:1      | Reached XP level 1. HP: 19/19 MP: 0/0
   216 | D:1      | Reached XP level 2. HP: 26/26 MP: 1/1
   629 | D:1      | Reached XP level 3. HP: 29/31 MP: 2/2
   812 | D:1      | HP: 1/31 [gnoll/+0 flail (5)]
   812 | D:1      | Slain by a gnoll

Levels and vault maps discovered:
D:1:      dpeg_cavernosity, layout_rooms, minmay_misc_feat_enclosed,
          minmay_rat_gold_closets
D:2:      layout_basic, old_standard_altar, chequers_hall_statues_wall_a,
          minmay_nonomino_d4

Skill      XL: |  1  2 |
---------------+-------+-----
Axes           | 2 3 |  3.6
Fighting       | |  3.2
Armour         | |  2.6
Shields        | |  2.6

Action                   || total
-------------------------++-------
Melee: War axe           ||    68
  Eat: Chunk             ||     4
Armor: Scale mail        ||    39
Dodge: Dodged            ||    33
Block: Shield            ||    46

Table legend:
 A = Non-vault XP
 B = Vault XP
 C = Vault XP percentage of total XP
 D = Non-vault monster count
 E = Vault monster count
 F = Vault count percentage of total count
                 A         B        C        D         E       F
            +---------+---------+-------+---------+---------+-------
      Total |      46 |      24 |  34.3 |      12 |      16 |  57.1
            +---------+---------+-------+---------+---------+-------
        D:1 |      46 |      24 |  34.3 |      12 |      16 |  57.1
            +---------+---------+-------+---------+---------+-------
